AoeStats
← Recnec

Oasis

507288011Analyzed
3v3 RM · 15d ago on Sep 17, 2026· 47m 32s· 6 players
Game mode
Random Map
Map size
Normal (6 player)
Population
200
Speed
Normal
Resources
Standard
Victory
Conquest
Starting age
Dark Age
Ending age
Imperial Age
RankedLock teamsTeams togetherTeam positionsShared explorationLock speedFull tech treeHidden civsTurbo modeCheats
Victory
Defeat
🇨🇳 Khmer · China
1010
+15
🇨🇱 Aztecs · Chile
995
+15
🇨🇳 Persians · China
921
+18
🇪🇸 Koreans · Spain
994
-17
🇪🇸 Ethiopians · Spain
986
-16
🇪🇸 Spanish · Spain
946
-41
Huntarof
10:28 Feudal Age
11:04 Loom
18:39 Castle Age
17:08 Horse Collar
17:16 Double-Bit Axe
19:52 Eagle Warrior
20:35 Squires
21:18 Scale Mail Armor
25:54 Wheelbarrow
25:06 Town Watch
26:06 Gold Mining
26:32 Chain Mail Armor
32:08 Forging
35:47 Imperial Age
33:59 Iron Casting
34:33 Gold Shaft Mining
36:07 Elite Eagle Warrior
37:40 Garland Wars
37:39 Arson
40:22 Atlatl
40:48 Conscription
41:49 Chemistry
41:09 Ballistics
41:22 Plate Mail Armor
41:53 Blast Furnace
44:13 Hand Cart
43:49 Fletching
43:48 Gambesons
43:45 Treadmill Crane
44:11 Siege Engineers
44:02 Murder Holes
46:47 Heavy Plow
47:00 Bow Saw
Tree new bee
11:45 Feudal Age
18:09 Castle Age
17:12 Double-Bit Axe
26:24 Horse Collar
27:23 Heavy Plow
27:57 Fletching
30:21 Wheelbarrow
29:43 Bodkin Arrow
37:59 Imperial Age
35:45 Hand Cart
35:18 Loom
37:43 Bow Saw
38:12 Husbandry
39:06 Ballistics
40:31 Chemistry
39:54 Conscription
40:44 Bloodlines
39:54 Light Cavalry
42:30 Crop Rotation
42:12 Murder Holes
42:23 Double Crossbow
44:47 Elite Ballista Elephant
45:55 Gold Mining
47:21 Bracer
47:21 Padded Archer Armor
足下的土地
0:28 Loom
11:40 Feudal Age
12:25 Double-Bit Axe
14:14 Horse Collar
18:10 Fletching
19:06 Padded Archer Armor
22:54 Castle Age
21:17 Gold Mining
23:11 Crossbowman
23:58 Thumb Ring
24:56 Bow Saw
25:52 Wheelbarrow
31:57 Murder Holes
36:11 Imperial Age
34:15 Stone Mining
36:08 Ballistics
38:59 Kamandaran
39:30 Town Watch
41:55 Bodkin Arrow
42:16 Leather Archer Armor
43:05 Two-Man Saw
43:38 Hand Cart
45:56 Chemistry
45:16 Ballistics
47:11 Ring Archer Armor
Albertovk
15:43 Feudal Age
21:14 Man-at-Arms
33:37 Castle Age
Draek
11:30 Feudal Age
14:26 Loom
17:31 Castle Age
17:06 Double-Bit Axe
17:04 Horse Collar
25:05 Fletching
36:48 Crossbowman
37:51 Bow Saw
Recnec
8:41 Loom
11:19 Feudal Age
12:16 Double-Bit Axe
14:39 Gold Mining
17:54 Wheelbarrow
17:22 Fletching
22:17 Castle Age
20:43 Horse Collar
22:59 Heavy Plow
23:12 Bow Saw
22:28 Crossbowman
23:07 Bodkin Arrow
24:01 Town Watch
24:32 Hand Cart
36:37 Imperial Age
35:31 Ballistics
34:43 Man-at-Arms
36:59 Scale Mail Armor
37:11 Stone Mining
37:49 Guilds
37:05 Long Swordsman
37:30 Gambesons
37:58 Bracer
37:22 Arbalester
38:08 Thumb Ring
38:39 Two-Handed Swordsman
39:27 Squires
40:38 Heavy Rocket Cart
43:31 Chemistry
42:46 Masonry
43:29 Conscription
Connection lost

Rejoining the realm…

Still unreachable

The connection could not be restored.

Session expired

The server has moved on; the page needs a fresh start.